cohdb
Replays
Latest Replays
All Replays
Popular Replays
Top Player Replays
Match Explorer
How It Works
Community
CoH3 Stats
Reddit
Sign in to upload your games and track your stats! →
Sign in with Steam
Match 41306623
Unlisted
Match 41306623
Overview
Messages
Build Orders
End
Construct Barracks
Riflemen Squad
Selects Airborne Battlegroup
Riflemen Squad
Selects Pathfinders
Riflemen Squad
Construct Medical Station
Infantry Support Center
Construct Motor Pool
Selects Paratrooper Squad Paradrop
M8 Greyhound Armored Car
Selects Anti-tank Gun Team Paradrop
M8 Greyhound Armored Car
Selects Recon Loiter
M1 Mortar Team
Engineer Squad
Recon Loiter
Selects Supply Drop
Anti-tank Gun Team Paradrop
Recon Loiter
Selects Dual P-47 Rocket Strike
M1918 Browning Automatic Rifles
Advanced Logistics
Supply Drop
Grenade Package
Dual P-47 Rocket Strike
Construct Tank Depot
Supply Drop
Dual P-47 Rocket Strike
M18 Hellcat Tank Destroyer
Supply Drop
M18 Hellcat Tank Destroyer
Supply Drop
Recon Loiter
M18 Hellcat Tank Destroyer
Recon Loiter
Supply Drop
DexN
eliass0101
VonManteuffel
Heartless Jäger
0
0
Comments
sign in to comment!
No comments posted yet!